 Dungeon Crawl Stone Soup version 0.23.1 (webtiles) character file.

Game seed: 13112333114830747907

280 PentaManta the Bolt Thrower (level 6, -7/35 HPs)
             Began as a Kobold Hunter on Mar 17, 2019.
             Killed from afar by Ijyb (17 damage)
             ... with a wand of acid (7)
             ... on level 3 of the Dungeon.
             The game lasted 00:03:30 (1881 turns).

PentaManta the Bolt Thrower (Kobold Hunter)         Turns: 1881, Time: 00:03:31

Health: -7/35      AC:  5    Str: 11    XL:     6   Next: 52%
Magic:  6/6        EV: 16    Int: 13    God:
Gold:   170        SH:  0    Dex: 15    Spells: 5/5 levels left

rFire    . . .     SeeInvis .   a - +1 hand crossbow
rCold    . . .     Gourm    .   (shield restricted)
rNeg     . . .     Faith    .   c - +0 leather armour
rPois    .         Spirit   .   (no helmet)
rElec    .         Reflect  .   (no cloak)
rCorr    .         Harm     .   (no gloves)
MR       .....                  g - +0 pair of boots
Stlth    ++........             (no amulet)
HPRegen  0.11/turn              k - +5 ring of protection
MPRegen  0.10/turn              (no ring)

@: corroded
A: small, carnivore
a: no special abilities


You were on level 3 of the Dungeon.
You were hungry.

You visited 1 branch of the dungeon, and saw 3 of its levels.

You collected 170 gold pieces.

Inventory:

Hand Weapons
 a - a +1 hand crossbow (weapon)
 p - a +2 short sword of holy wrath
Missiles
 d - 10 bolts (quivered)
Armour
 c - a +0 leather armour (worn)
 g - a +0 pair of boots (worn)
Jewellery
 k - a +5 ring of protection (left hand)
Scrolls
 j - 4 scrolls of teleportation {unknown}
 m - 5 scrolls of identify {unknown}
 n - a scroll of noise {unknown}
 q - a scroll of magic mapping {unknown}
Potions
 e - a potion of invisibility {unknown}
 h - 2 potions of curing {unknown}
 i - 4 potions of flight {unknown}
 l - a potion of resistance {unknown}
 o - a potion of haste {unknown}
 r - a potion of agility {unknown}
Comestibles
 f - 7 rations


   Skills:
 - Level 2.1 Fighting
 * Level 7.5 Crossbows
 + Level 4.5 Dodging
 - Level 3.0 Stealth


You had 5 spell levels left.
You didn't know any spells.
Your spell library was empty.

Dungeon Overview and Level Annotations

Branches:
Dungeon (3/15)

Altars:

Annotations:
D:3 Ijyb


Innate Abilities, Weirdness & Mutations

You are small and have problems with some larger weapons.
You are carnivorous and can eat meat at any time.


Message History

Ijyb is almost dead.
Ijyb barely misses you.
Firing (i - inventory)
d - 13 bolts (quivered)
Press: ? - help, Shift-Dir - straight line, f/p - Ijyb
Aim: Ijyb, wearing a +0 chain mail and carrying a wand of acid (7) (almost dead)
You shoot a bolt. The bolt hits Ijyb but does no damage.
Ijyb is almost dead.
Ijyb hits you but does no damage.
Firing (i - inventory)
d - 12 bolts (quivered)
Press: ? - help, Shift-Dir - straight line, f/p - Ijyb
Aim: Ijyb, wearing a +0 chain mail and carrying a wand of acid (7) (almost dead)
You shoot a bolt. The bolt hits Ijyb but does no damage.
Ijyb is almost dead.
Ijyb barely misses you.
Firing (i - inventory)
d - 11 bolts (quivered)
Press: ? - help, Shift-Dir - straight line, f/p - Ijyb
Aim: Ijyb, wearing a +0 chain mail and carrying a wand of acid (7) (almost dead)
You shoot a bolt. The bolt barely misses Ijyb.
Ijyb zaps a wand.
The bolt of acid hits you!
You die...

#.... #(... #....
....#...
#....###....#(..
#......#....#..
##......#....#(.
........#....#(#
........#....#g#####..
.........# ##@)......
.....#...####.....####
.................(...(
.....................(
.............#####...(
..........#'## ....
..........#<# ...
..........### ..
#........#


You could see Ijyb.

Vanquished Creatures
  Sigmund (D:2)
  6 adders (D:2)
  A worm (D:2)
  2 dart slugs (D:1)
  11 giant cockroaches
  6 goblins
  2 hobgoblins
  5 jackals
  3 kobolds
  2 quokkas (D:2)
  A ball python (D:1)
  6 bats
  16 rats
62 creatures vanquished.

Notes
Turn   | Place    | Note
-------+----------+-------------------------------------------
     0 | D:1      | PentaManta the Kobold Hunter began the quest for the Orb.
     0 | D:1      | Reached XP level 1. HP: 12/12 MP: 1/1
   105 | D:1      | Reached skill level 5 in Crossbows
   173 | D:1      | Reached XP level 2. HP: 17/17 MP: 2/2
   297 | D:1      | Reached XP level 3. HP: 21/21 MP: 3/3
   760 | D:2      | Reached XP level 4. HP: 26/26 MP: 4/4
  1104 | D:2      | Reached skill level 6 in Crossbows
  1191 | D:2      | Noticed Sigmund
  1207 | D:2      | Killed Sigmund
  1207 | D:2      | Reached skill level 7 in Crossbows
  1207 | D:2      | Reached XP level 5. HP: 2/30 MP: 5/5
  1207 | D:2      | Reached XP level 6. HP: 3/35 MP: 6/6
  1870 | D:3      | Noticed Ijyb
  1881 | D:3      | Killed from afar by Ijyb

Skill      XL: |  1  2  3  4 |
---------------+-------------+-----
Crossbows      | 5 7 |  7.5
Stealth        | 2 3 |  3.0
Dodging        | 3 4 |  4.5
Fighting       | |  2.1

Action                   |  1- 3 |  4- 6 || total
-------------------------+-------+-------++-------
 Fire: Hand crossbow     |    78 |    72 ||   150
  Eat: Ration            |       |     1 ||     1
Armor: Leather armour    |     5 |     3 ||     8
Dodge: Dodged            |    19 |    15 ||    34
